 Dungeon Crawl Stone Soup version 0.30-b1-2-g02819fbbbe (webtiles) character file.

Game seed: 9968229484969331977

344 HedoNNN the Trooper (level 6, 0/56 HPs)
             Began as a Hill Orc Monk on May 9, 2023.
             Was a Follower of Beogh.
             Slain by a shadow imp (3 damage)
             ... summoned by Eustachio
             ... on level 4 of the Dungeon.
             The game lasted 00:24:01 (2712 turns).

HedoNNN the Trooper (Hill Orc Monk)                 Turns: 2712, Time: 00:24:02

Health: 0/56       AC:  5    Str: 13 (16) XL:     6   Next: 58%
Magic:  0/6        EV: 12    Int:  8 (10) God:    Beogh [*.....]
Gold:   178        SH:  0    Dex:  9 (13) Spells: 5/5 levels left

rFire   . . .        g - +0 whip (freeze)
rCold   + . .        d - orb {light}
rNeg    . . .        e - +2 leather armour {rC+}
rPois   .            p - +0 hat
rElec   .            (no cloak)
rCorr   .            (no gloves)
SInv    .            (no boots)
Will    .....        b - amulet of guardian spirit Stlth
                     (no ring)
HPRegen 0.29/turn    (no ring)
MPRegen 0.10/turn

%: guardian spirit
@: confused, ambrosia-drunk, glowing
A: no striking features
a: Renounce Religion


You were on level 4 of the Dungeon.
You worshipped Beogh.
Beogh was aware of your devotion.
You visited 1 branch of the dungeon, and saw 4 of its levels.

You collected 178 gold pieces.

Inventory:

Hand Weapons
 g - a +0 whip of freezing (weapon)
Armour
 d - an orb of light (worn)
 e - a +2 leather armour of cold resistance (worn)
 i - a +0 ring mail
 p - a +0 hat (worn)
Jewellery
 b - an amulet of guardian spirit (around neck)
Wands
 a - a wand of roots (1)
Potions
 m - a potion of curing


   Skills:
 * Level 5.2 Fighting
 + Level 1.9 Maces & Flails
 + Level 4.1 Polearms
 * Level 3.2 Armour
 * Level 3.6 Dodging


You had 5 spell levels left.
You didn't know any spells.
Your spell library contained the following spells:

 Spells                   Type           Power      Damage    Failure   Level
 Inner Flame              Hex/Fire       0%         N/A       86%         3
 Flame Wave               Conj/Fire      0%         2d4       99%         4
 Sticky Flame             Conj/Fire      0%         2d3       99%         4


Dungeon Overview and Level Annotations

Branches:
Dungeon (4/15)
 Temple: D:4-7

Altars:
Nemelex Xobeh

Shops:
D:1 !

Annotations:
D:4 Eustachio


Message History

The ufetubus hits you but does no damage. x2
The ufetubus barely misses you. The ufetubus hits you.
* * * LOW HITPOINT WARNING * * *
Eustachio gestures wildly while chanting.
The river rat bites you.
* * * LOW HITPOINT WARNING * * *
The river rat completely misses you. The orc hits you with a +0 trident.
* * * LOW HITPOINT WARNING * * *
It was a potion of degeneration.
There was something very wrong with that liquid.
You feel weakened.
You feel dopey.
You feel clumsy.
The ufetubus disappears in a puff of smoke!
The river rat barely misses you.
Eustachio gestures wildly while chanting.
The river rat bites you!
* * * LOW HITPOINT WARNING * * *
The orc closely misses you.
The shadow imp shouts, "Turn tail, thou unhinged crook-pated skainsmate!"
The shadow imp closely misses you.
Okay, then.
Unknown command.
Press: ? - help, v - describe, . - travel, g - get item
Here: a shadow imp (grey smoke, summoned, haloed)
Items here: a +0 dagger; a +0 robe; an orc corpse.
A stone staircase leading down.
Eustachio mumbles some strange words.
Eustachio blinks!
The river rat closely misses you. The orc barely misses you.
The shadow imp closely misses you.
You barely miss the shadow imp. The river rat barely misses you.
Eustachio hits you with a +0 rapier.
* * * LOW HITPOINT WARNING * * *
The river rat bites you.
* * * LOW HITPOINT WARNING * * *
The orc hits you with a +0 trident.
* * * LOW HITPOINT WARNING * * *
The shadow imp gestures at you. Pain shoots through your body!
* * * LOW HITPOINT WARNING * * *
The shadow imp hits you.
You die...

## ...# ####........
.....## #....#.#####
..##...##......#B~~~ #
...##.......#..#S~.~
#......b.....#..#SB~~
...#.....##(....#####
....#.....##..5ยง...)..
...b..S#....rr5.r.#...
#.......#....o@5...#
..#.....#......@......
#......................
#......................
#..................##..
.....b.....#..##..## ..
........##.##.###..
.........#.b........
.......b.<.....#.


You could see Eustachio, 2 adders, 3 river rats, a white imp (summoned), 2
shadow imps, an orc and 2 giant cockroaches.

Vanquished Creatures
  Sigmund (D:3)
  A scorpion (D:2)
  A sleepcap (D:3)
  Ijyb (D:3)
  2 adders
  2 worms (D:2)
  A dart slug (D:1)
  3 endoplasms
  2 giant cockroaches
  4 goblins
  6 hobgoblins
  3 jackals (D:3)
  6 kobolds
  4 quokkas
  4 ball pythons
  4 bats
  5 frilled lizards
  4 rats
54 creatures vanquished.

Vanquished Creatures (others)
  An orc wizard (D:4)
1 creature vanquished.

Grand Total: 55 creatures vanquished

Notes
Turn   | Place    | Note
-------+----------+-------------------------------------------
     0 | D:1      | HedoNNN the Hill Orc Monk began the quest for the Orb.
     0 | D:1      | Reached XP level 1. HP: 19/19 MP: 1/1
   146 | D:1      | Reached XP level 2. HP: 27/27 MP: 2/2
   307 | D:1      | Reached skill level 1 in Armour
   515 | D:1      | Reached skill level 4 in Fighting
   533 | D:1      | Found Metem's Distillery.
   580 | D:1      | Reached XP level 3. HP: 30/33 MP: 3/3
  1073 | D:2      | Noticed a scorpion
  1085 | D:2      | Killed a scorpion
  1086 | D:2      | Reached XP level 4. HP: 9/41 MP: 4/4
  1318 | D:2      | Reached skill level 1 in Maces & Flails
  1348 | D:2      | Found a sparkling altar of Nemelex Xobeh.
  1862 | D:3      | Reached XP level 5. HP: 43/47 MP: 5/5
  1922 | D:3      | Noticed Sigmund
  1983 | D:3      | Killed Sigmund
  1984 | D:3      | Reached skill level 5 in Fighting
  1984 | D:3      | Reached XP level 6. HP: 29/56 MP: 6/6
  2406 | D:3      | Noticed Ijyb
  2467 | D:3      | Killed Ijyb
  2642 | D:4      | Noticed Eustachio
  2671 | D:4      | Became a worshipper of Beogh the Brigand
  2671 | D:4      | Reached * piety under Beogh
  2671 | D:4      | Reached ** piety under Beogh
  2691 | D:4      | Found a glowing drain.
  2712 | D:4      | Slain by a shadow imp

Illustrated notes

Levels and vault maps discovered:
D:1:      zelgadis_glass_arrival_small, layout_loops_corners, serial_shops,
          shop_statue, minmay_misc_feat_four_crosses, minmay_pentomino_z2
D:2:      layout_loops_ring, basic_altar
D:3:      layout_rooms, serial_bayou_ford_a,
          nicolae_concentric_dashed_squares_wild, patterned_corridor, uniq_ijyb,
          uniq_sigmund
D:4:      layout_cave_pools, tso_metal_star, old_standard_altar, serial_shops,
          shop, gup_sewer_entry_glass, uniq_eustachio

Skill      XL: |  1  2  3  4  5 |
---------------+----------------+-----
Armour         | 1 2 3 |  3.2
Fighting       | 4 5 |  5.2
Dodging        | 3 |  3.6
Maces & Flails | 1 |  1.9
Polearms       | 4 |  4.1

Action                     |  1- 3 |  4- 6 || total
---------------------------+-------+-------++-------
  Melee: Spear             |    20 |       ||    20
         Whip              |    54 |   139 ||   193
 Invoke: Smiting           |       |     1 ||     1
         Convert to Beogh  |       |     1 ||     1
  Evoke: Wand              |       |     1 ||     1
    Use: Scroll            |     2 |    10 ||    12
         Potion            |     1 |    13 ||    14
 Armour: Leather armour    |    13 |    39 ||    52
         Ring mail         |     8 |    23 ||    31
  Dodge: Dodged            |    35 |   124 ||   159
